 Dungeon Crawl Stone Soup version 0.25-a0-419-g7650d0de75 (webtiles) character file.

Game seed: 836627067982700551, levelgen mode: deterministic

99466 keltmir the Thaumaturge (level 16, -18/125 HPs)
             Began as a Gnoll Skald on Jan 16, 2020.
             Was the Champion of Okawaru.
             Demolished by a stone giant (34 damage)
             ... on level 2 of the Orcish Mines on Jan 17, 2020.
             The game lasted 02:19:24 (38218 turns).

keltmir the Thaumaturge (Gnoll Skald)              Turns: 38218, Time: 02:19:25

Health: -18/125    AC: 21    Str: 22    XL:     16   Next: 25%
Magic:  23/31      EV: 19    Int: 17    God:    Okawaru [******]
Gold:   2044       SH:  9    Dex: 20    Spells: 22/38 levels left

rFire    . . .     SeeInvis +   B - +9 dagger of Karma {freeze, rPois Str+4 Dex+4 SInv}
rCold    . . .     Gourm    +   W - +0 buckler {reflect}
rNeg     . . .     Faith    .   N - +3 chain mail
rPois    +         Spirit   .   t - +2 hat
rElec    .         Reflect  +   (no cloak)
rCorr    +         Harm     .   P - +0 pair of gloves {archery}
MR       ++...                  S - +0 pair of boots {run}
Stlth    +++.......             s - amulet of the gourmand
HPRegen  0.30/turn              g - ring of protection from magic
MPRegen  0.22/turn              k - ring of resist corrosion

@: heroism, finesse, lightly drained, quick
A: distributed training, fangs 1, strong nose
a: Heroism, Finesse, Renounce Religion


You were on level 2 of the Orcish Mines.
You worshipped Okawaru.
Okawaru was exalted by your worship.
You were completely stuffed.

You visited 4 branches of the dungeon, and saw 24 of its levels.
You also visited: Ossuary, Gauntlet and Ice Cave.

You collected 2758 gold pieces.
You spent 714 gold pieces at shops.

Inventory:

Hand Weapons
 B - the +9 dagger of Karma (weapon) {freeze, rPois Str+4 Dex+4 SInv}
   (You found it on level 8 of the Dungeon)

   It has been specially enchanted to freeze those struck by it, causing extra
   injury to most foes and up to half again as much damage against particularly
   susceptible opponents.
   It can also slow down cold-blooded creatures.
   It affects your strength (+4).
   It affects your dexterity (+4).
   It protects you from poison.
   It lets you see invisible.
 I - a +4 whip of electrocution
Missiles
 a - 2 throwing nets
 p - 5 curare-tipped darts
 A - 7 boomerangs of dispersal
 U - 6 boomerangs (quivered)
 X - 4 javelins
Armour
 l - a +1 crystal plate armour of cold resistance
 t - a +2 hat (worn)
 N - a +3 chain mail (worn)
 O - a +1 chain mail of positive energy
 P - a +0 pair of gloves of archery (worn)
 S - a +0 pair of boots of running (worn)
 W - a +0 buckler of reflection (worn)
Jewellery
 g - a ring of protection from magic (left hand)
 k - a ring of resist corrosion (right hand)
 s - an amulet of the gourmand (around neck)
 v - an uncursed ring of protection from cold
 y - an uncursed ring of ice
 J - an uncursed ring of magical power
 R - an uncursed ring of fire
Wands
 b - a wand of iceblast (9)
 F - a wand of acid (16)
 K - a wand of digging (6)
 Y - a wand of enslavement (24)
 Z - a wand of scattershot (10)
Scrolls
 i - 8 scrolls of remove curse
 j - 9 scrolls of blinking
 m - 2 scrolls of acquirement
 x - 17 scrolls of teleportation
 z - 4 scrolls of enchant armour
 D - 2 scrolls of summoning
 E - 6 scrolls of identify
 G - a scroll of fear
 L - 3 scrolls of magic mapping
 M - a scroll of enchant weapon
 V - 2 scrolls of brand weapon
Potions
 c - 5 potions of flight
 e - a potion of ambrosia
 f - 3 potions of curing
 h - 2 potions of mutation
 n - 5 potions of berserk rage
 o - 5 potions of invisibility
 q - 2 potions of brilliance
 r - 4 potions of cancellation
 u - a potion of resistance
 w - 4 potions of agility
 C - 5 potions of lignification
 H - 2 potions of magic
 Q - a potion of haste
Comestibles
 d - 33 rations
 T - 2 chunks of flesh


   Skills:
 + Level 11.3(15.7) Fighting
 + Level 10.5(14.8) Short Blades
 + Level 10.5(14.8) Long Blades
 + Level 10.5(14.8) Axes
 + Level 10.5(14.8) Maces & Flails
 + Level 11.3(15.7) Polearms
 + Level 10.5(14.8) Staves
 + Level 10.5(14.8) Slings
 + Level 10.5(14.8) Bows
 + Level 10.5(14.8) Crossbows
 + Level 10.5(14.8) Throwing
 + Level 10.8(15.1) Armour
 + Level 11.3(15.7) Dodging
 + Level 10.5(14.8) Stealth
 + Level 10.5(14.8) Shields
 + Level 10.5(14.8) Unarmed Combat
 + Level 11.5(10.9) Spellcasting
 + Level 8.9(8.3) Conjurations
 + Level 8.9(8.3) Hexes
 + Level 10.4(9.8) Charms
 + Level 8.9(8.3) Summonings
 + Level 8.9(8.3) Necromancy
 + Level 8.9(8.3) Translocations
 + Level 8.9(8.3) Transmutations
 + Level 8.9(8.3) Fire Magic
 + Level 8.9(8.3) Ice Magic
 + Level 8.9(8.3) Air Magic
 + Level 8.9(8.3) Earth Magic
 + Level 8.9(8.3) Poison Magic
 + Level 11.3(10.7) Invocations
 + Level 10.5(9.9) Evocations


You had 22 spell levels left.
You knew the following spells:

 Your Spells              Type           Power        Failure   Level  Hunger
a - Infusion              Chrm           ####         1%          1    None
b - Spectral Weapon       Hex/Chrm       #####...     2%          3    None
c - Song of Slaying       Chrm           #####...     1%          2    None
d - Conjure Flame         Conj/Fire      #####...     3%          3    None
e - Dazzling Flash        Conj/Hex       #####.       3%          3    None
f - Summon Lightning Spi  Summ/Air       #####...     12%         4    ###....

Your spell library contained the following spells:

 Spells                   Type           Power        Failure   Level  Hunger
 Beastly Appendage        Tmut           #####.       1%          1    None
 Corona                   Hex            #####..      1%          1    None
 Foxfire                  Conj/Fire      ####         1%          1    None
 Freeze                   Ice            ####         1%          1    None
 Shock                    Conj/Air       ####         1%          1    None
 Summon Small Mammal      Summ           ####         1%          1    None
 Call Imp                 Summ           #####...     1%          2    None
 Ensorcelled Hibernation  Hex/Ice        #####.       1%          2    None
 Searing Ray              Conj           #####.       1%          2    None
 Shroud of Golubria       Chrm/Tloc      #####.       1%          2    None
 Sticks to Snakes         Tmut           #####...     1%          2    None
 Sublimation of Blood     Necr           #####.....   1%          2    None
 Ozocubu's Armour         Chrm/Ice       #####...     2%          3    None
 Call Canine Familiar     Summ           #####...     3%          3    None
 Confusing Touch          Hex            #####...     3%          3    None
 Ignite Poison            Fire/Tmut/Pois #####...     3%          3    None
 Inner Flame              Hex/Fire       #####...     3%          3    None
 Spider Form              Tmut/Pois      #####.....   3%          3    None
 Summon Guardian Golem    Hex/Summ       #####...     3%          3    None
 Tukima's Dance           Hex            #####...     3%          3    None
 Fulminant Prism          Conj/Hex       #####.....   12%         4    ###....
 Hailstorm                Conj/Ice       #####...     12%         4    ###....
 Ice Form                 Ice/Tmut       #####...     12%         4    ###....
 Petrify                  Tmut/Erth      #####...     12%         4    ###....
 Sticky Flame             Conj/Fire      #####...     12%         4    ###....
 Summon Ice Beast         Ice/Summ       #####...     12%         4    ###....
 Alistair's Intoxication  Tmut/Pois      #####...     32%         5    #####..
 Blade Hands              Tmut           #####.....   32%         5    #####..
 Fireball                 Conj/Fire      #####.....   32%         5    #####..
 Irradiate                Conj/Tmut      #####.....   32%         5    #####..
 Eringya's Noxious Bog    Tmut/Pois      #####.....   87%         6    ######.


Dungeon Overview and Level Annotations

Branches:
Dungeon (15/15)            Temple (1/1) D:5            Lair (6/6) D:8
  Swamp (0/4) Lair:4       Spider (0/4) Lair:3        Slime (0/5) Lair:5
    Orc (2/2) D:10            Elf (0/3) Orc:2        Vaults (0/5) D:14
 Depths (0/5) D:15        Ossuary (visited)           IceCv (visited)
Gauntlet (visited)

Altars:
Dithmenos
Elyvilon
Fedhas
Gozag
Kikubaaqudgha
Makhleb
Okawaru
Qazlal
Ru
Trog
Uskayaw
Vehumet
Yredelemnul
Zin
The Shining One
Beogh

Shops:
D:4 (   Orc:1 **=   Orc:2 (

Annotations:
D:9 2 runed translucent doors, exclusion: orange crystal statue
D:13 3 runed translucent doors, Qaryups's ghost, journeyman DrSk


Innate Abilities, Weirdness & Mutations

Your experience applies equally to all skills.
You have very sharp teeth.
Your uncanny sense of smell can sniff out nearby items.


Message History

You can now deal lightning-fast blows.
The stone giant hits you!!
* * * LOW HITPOINT WARNING * * *
You hit the stone giant. You freeze the stone giant.
You bite the stone giant, but do no damage.
The stone giant is moderately wounded.
Your spectral weapon hits the stone giant.
Your spectral weapon freezes the stone giant.
You hit the stone giant. You freeze the stone giant.
The stone giant is heavily wounded.
Your spectral weapon hits the stone giant.
Your spectral weapon freezes the stone giant.
You hit the stone giant. You freeze the stone giant.
You bite the stone giant, but do no damage.
The stone giant is heavily wounded.
You hit the stone giant. You freeze the stone giant.
The stone giant is heavily wounded.
Your spectral weapon hits the stone giant but does no damage.
The stone giant hits you!!
You die...

##....##.....#
##..........#
##...........#
#........#...#
##..(...#....#
#......#.....#
##.#...#.....#
####.#.(.(..#
####.#(@.#
###.#C.#
#.....(#
.........#
.....#....# ∆
..........#
..........#
##.........
......... ∆


You could see a stone giant and a friendly spectral +9 dagger of Karma {freeze,
rPois Str+4 Dex+4 SInv}.

Vanquished Creatures
  Rupert (D:12)
  A very ugly thing (D:14)
  A reaper (IceCv)
  Azrael (D:12)
  A minotaur (Gauntlet)
  Snorg (Lair:5)
  Josephine (D:12)
  2 fire dragons
  2 ogre magi
  A death ooze (Gauntlet)
  Harold (D:7)
  Fannar (D:10)
  4 hydras
  8 vault guards (D:14)
  A rakshasa (D:15)
  A centaur warrior (D:13)
  11 two-headed ogres
  3 death yaks (Lair:6)
  4 sixfirhies (Gauntlet)
  2 wizards (D:14)
  3 unseen horrors
  A swamp dragon (Lair:6)
  A lindwurm (Lair:6)
  A glowing orange brain (D:15)
  11 ugly things
  A wolf spider (shapeshifter) (D:15)
  2 deep elf magi
  3 orc sorcerers
  A wolf spider (Lair:3)
  2 ice statues (IceCv)
  3 cyclopes
  10 black mambas
  A centaur zombie (D:14)
  6 elephants (Lair:6)
  A torpor snail (Lair:6)
  A spiny frog (shapeshifter) (D:13)
  5 centaur skeletons
  3 rime drakes
  Maggie (D:8)
  17 spiny frogs
  3 gargoyles
  A kobold demonologist (D:15)
  9 komodo dragons
  8 ice devils (IceCv)
  A redback zombie (D:14)
  A jumping spider (shapeshifter) (D:15)
  5 trolls
  A meliai (shapeshifter) (D:15)
  2 jumping spiders (Lair:3)
  2 polar bears (Lair:4)
  10 slime creatures
  9 blink frogs
  2 dream sheep (Lair:6)
  9 hippogriffs
  3 hornets
  A redback (Lair:3)
  2 shadows
  4 wyverns
  5 wraiths
  52 yaks
  2 vampires
  2 basilisks (Lair:6)
  3 fire elementals
  A steam dragon (Lair:6)
  A warg (Orc:2)
  2 soldier ants
  4 hell hounds (D:11)
  3 acid dragons
  10 porcupines
  A water moccasin (shapeshifter) (D:15)
  12 water moccasins
  18 orc warriors
  3 swamp drakes (Lair:6)
  5 sky beasts
  4 ice beasts
  5 black bears
  2 eyes of draining
  A necrophage (D:6)
  8 ogres
  4 phantoms
  10 wolves
  8 centaurs
  10 crocodiles
  A big kobold (shapeshifter) (Gauntlet)
  A big kobold (D:15)
  17 bullfrogs
  A wyvern skeleton (D:14)
  7 scorpions
  19 killer bees
  13 wights
  2 howler monkeys (D:8)
  3 electric eels
  4 crimson imps
  5 bullfrog zombies
  12 jellies
  14 orc wizards
  17 orc priests
  7 hounds
  2 bullfrog skeletons
  6 iguanas
  Jessica (D:2)
  11 worker ants
  A big kobold zombie (Ossuary)
  2 hound zombies
  2 hound skeletons
  8 mummies (Ossuary)
  3 gnolls (D:8)
  14 adders
  6 shadow imps
  8 white imps (IceCv)
  9 ufetubi (IceCv)
  17 oozes
  An adder zombie (D:8)
  4 adder skeletons
  3 worms
  2 dart slugs
  3 leopard geckos
  87 orcs
  3 ball pythons
  8 bats
  A giant cockroach (D:3)
  2 gnoll zombies (Ossuary)
  4 goblins
  3 hobgoblins (D:1)
  10 jackals
  7 kobolds
  6 quokkas
  6 frilled lizards
  A hobgoblin zombie (Ossuary)
  A kobold zombie (Ossuary)
  3 orc zombies (Ossuary)
  2 quokka zombies
  7 rats
  A spectral orc (D:9)
  A plant (Lair:5)
750 creatures vanquished.

Vanquished Creatures (collateral kills)
  A yak (Lair:6)
  An orc warrior (Orc:2)
  An orc priest (Orc:2)
  An orc (Orc:2)
4 creatures vanquished.

Vanquished Creatures (others)
  A white imp (IceCv)
  2 ufetubi (IceCv)
  3 demonic plants (Gauntlet)
  23 fungi
  18 plants
  38 spectral weapons
85 creatures vanquished.

Grand Total: 839 creatures vanquished

Notes
Turn   | Place    | Note
-------+----------+-------------------------------------------
     0 | D:1      | keltmir the Gnoll Skald began the quest for the Orb.
     0 | D:1      | Reached XP level 1. HP: 20/20 MP: 6/6
   210 | D:1      | Reached XP level 2. HP: 26/26 MP: 7/7
  1152 | D:2      | Reached XP level 3. HP: 30/31 MP: 9/9
  1157 | D:2      | Learned a level 3 spell: Spectral Weapon
  1190 | D:2      | Noticed Jessica
  1201 | D:2      | Killed Jessica
  1201 | D:2      | Reached skill level 5 in Spellcasting
  1201 | D:2      | Reached skill level 1 in Invocations
  1355 | D:2      | Reached skill level 1 in Short Blades
  1355 | D:2      | Reached skill level 1 in Long Blades
  1355 | D:2      | Reached skill level 1 in Axes
  1355 | D:2      | Reached skill level 1 in Maces & Flails
  1355 | D:2      | Reached skill level 1 in Staves
  1355 | D:2      | Reached skill level 1 in Slings
  1355 | D:2      | Reached skill level 1 in Bows
  1355 | D:2      | Reached skill level 1 in Crossbows
  1355 | D:2      | Reached skill level 1 in Throwing
  1355 | D:2      | Reached skill level 1 in Stealth
  1355 | D:2      | Reached skill level 1 in Shields
  1355 | D:2      | Reached skill level 1 in Unarmed Combat
  1355 | D:2      | Reached skill level 1 in Evocations
  1355 | D:2      | Reached XP level 4. HP: 38/38 MP: 7/11
  1759 | D:2      | Reached skill level 1 in Conjurations
  1759 | D:2      | Reached skill level 1 in Hexes
  1759 | D:2      | Reached skill level 1 in Summonings
  1759 | D:2      | Reached skill level 1 in Necromancy
  1759 | D:2      | Reached skill level 1 in Translocations
  1759 | D:2      | Reached skill level 1 in Transmutations
  1759 | D:2      | Reached skill level 1 in Fire Magic
  1759 | D:2      | Reached skill level 1 in Ice Magic
  1759 | D:2      | Reached skill level 1 in Air Magic
  1759 | D:2      | Reached skill level 1 in Earth Magic
  1759 | D:2      | Reached skill level 1 in Poison Magic
  2076 | D:3      | Reached XP level 5. HP: 43/43 MP: 8/12
  3097 | D:4      | Found Ciut's Antique Weapon Shop.
  3295 | D:4      | Reached XP level 6. HP: 50/50 MP: 9/13
  3387 | D:4      | Reached skill level 5 in Fighting
  3387 | D:4      | Reached skill level 5 in Polearms
  3387 | D:4      | Reached skill level 5 in Dodging
  3770 | D:5      | Entered Level 5 of the Dungeon
  4135 | D:5      | Reached XP level 7. HP: 54/56 MP: 12/15
  4444 | D:5      | Found a staircase to the Ecumenical Temple.
  4453 | Temple   | Entered the Ecumenical Temple
  4553 | Temple   | Became a worshipper of Warmaster Okawaru
  4717 | D:5      | Noticed a hippogriff
  5041 | D:5      | Reached XP level 8. HP: 37/63 MP: 16/16
  5318 | D:5      | Reached * piety under Okawaru
  5584 | D:6      | Found a bloodstained altar of Trog.
  5918 | D:6      | Found a sacrificial altar of Ru.
  6327 | D:7      | Found a sand-covered staircase.
  6337 | Ossuary  | Entered an ossuary
  6853 | D:7      | Found a burning altar of Makhleb.
  6858 | D:7      | Found a hide-covered altar of Uskayaw.
  6972 | D:7      | Reached ** piety under Okawaru
  6972 | D:7      | Reached XP level 9. HP: 15/69 MP: 16/18
  7468 | D:4      | Bought a glowing trident for 182 gold pieces
  7469 | D:4      | Bought a glowing trident for 182 gold pieces
  8302 | D:8      | Noticed Harold
  8316 | D:7      | Killed Harold
  8316 | D:7      | Reached *** piety under Okawaru
  8316 | D:7      | Reached skill level 5 in Armour
  8334 | D:7      | Reached skill level 5 in Invocations
  8927 | D:8      | Reached XP level 10. HP: 72/77 MP: 20/20
  8943 | D:8      | Got a warped dagger
  8986 | D:8      | Identified the +9 dagger of Karma {freeze, rPois Str+4
                  | Dex+4 SInv} (You found it on level 8 of the Dungeon)
  9008 | D:8      | Reached skill level 5 in Short Blades
  9008 | D:8      | Reached skill level 5 in Long Blades
  9008 | D:8      | Reached skill level 5 in Axes
  9008 | D:8      | Reached skill level 5 in Maces & Flails
  9008 | D:8      | Reached skill level 5 in Staves
  9008 | D:8      | Reached skill level 5 in Slings
  9008 | D:8      | Reached skill level 5 in Bows
  9008 | D:8      | Reached skill level 5 in Crossbows
  9008 | D:8      | Reached skill level 5 in Throwing
  9008 | D:8      | Reached skill level 5 in Stealth
  9008 | D:8      | Reached skill level 5 in Shields
  9008 | D:8      | Reached skill level 5 in Unarmed Combat
  9008 | D:8      | Reached skill level 5 in Evocations
  9010 | D:8      | Reached **** piety under Okawaru
  9095 | D:8      | Found a staircase to the Lair.
  9440 | D:8      | Noticed Maggie
  9455 | D:8      | Killed Maggie
  9674 | D:8      | Upgraded the game from 0.25-a0-413-g3b4b6a4ccc to
                  | 0.25-a0-419-g7650d0de75
  9872 | D:9      | Found the +10 large shield of Ignorance {rN+ Int-4}
  9878 | D:9      | Found a runed translucent door.
  9885 | D:9      | Noticed an orange crystal statue
  9961 | D:9      | Found a runed translucent door.
 10017 | D:9      | Found a basalt altar of Yredelemnul.
 10100 | D:9      | Noticed a two-headed ogre
 10132 | D:9      | Killed a two-headed ogre
 10155 | D:9      | Reached XP level 11. HP: 52/84 MP: 19/22
 10159 | D:9      | Reached ***** piety under Okawaru
 10321 | D:9      | Noticed a two-headed ogre
 10323 | D:9      | Killed a two-headed ogre
 10519 | D:9      | Reached skill level 5 in Conjurations
 10519 | D:9      | Reached skill level 5 in Hexes
 10519 | D:9      | Reached skill level 5 in Summonings
 10519 | D:9      | Reached skill level 5 in Necromancy
 10519 | D:9      | Reached skill level 5 in Translocations
 10519 | D:9      | Reached skill level 5 in Transmutations
 10519 | D:9      | Reached skill level 5 in Fire Magic
 10519 | D:9      | Reached skill level 5 in Ice Magic
 10519 | D:9      | Reached skill level 5 in Air Magic
 10519 | D:9      | Reached skill level 5 in Earth Magic
 10519 | D:9      | Reached skill level 5 in Poison Magic
 10957 | D:9      | Noticed a two-headed ogre
 10962 | D:9      | Killed a two-headed ogre
 10962 | D:9      | Received a gift from Okawaru
 11061 | D:10     | Entered Level 10 of the Dungeon
 11061 | D:10     | Noticed Fannar
 11085 | D:10     | Killed Fannar
 11534 | D:10     | Noticed an unseen horror
 11547 | D:10     | Killed an unseen horror
 11547 | D:10     | Received a gift from Okawaru
 11721 | D:10     | Noticed a brown ugly thing
 11723 | D:10     | Killed a brown ugly thing
 12109 | D:10     | Found a white marble altar of Elyvilon.
 12157 | D:10     | Found a staircase to the Orcish Mines.
 12454 | D:11     | Reached XP level 12. HP: 83/93 MP: 21/24
 12467 | D:11     | Received a gift from Okawaru
 12869 | D:11     | Identified the Volume of Damaging Intoxication
 13119 | D:11     | Noticed a two-headed ogre
 13126 | D:11     | Killed a two-headed ogre
 13126 | D:11     | Reached ****** piety under Okawaru
 13337 | D:11     | Got a heavy robe
 13347 | D:11     | Identified the +1 robe "Kuonlug" {Dex+9} (You found it on
                  | level 11 of the Dungeon)
 14061 | D:12     | Received a gift from Okawaru
 14313 | D:12     | Noticed Josephine
 14335 | D:12     | Killed Josephine
 14366 | D:12     | You fall into a shaft and drop 1 floor!
 14864 | D:12     | Noticed Azrael
 15126 | D:12     | Noticed Rupert
 15126 | D:12     | Paralysed by Rupert for 2 turns
 15153 | D:12     | Killed Rupert
 15153 | D:12     | Received a gift from Okawaru
 15295 | D:12     | Reached XP level 13. HP: 99/101 MP: 26/26
 16222 | D:12     | Killed Azrael
 16705 | Lair:1   | Entered Level 1 of the Lair of Beasts
 18736 | Lair:2   | HP: 4/101 [komodo dragon (25)]
 19939 | Lair:3   | Received a gift from Okawaru
 19942 | Lair:3   | Got a transparent hunting sling {god gift}
 20086 | Lair:3   | Identified the +0 hunting sling "Gnoll's Doom" {venom,
                  | Dex+2} (Okawaru gifted it to you on level 3 of the Lair of
                  | Beasts)
 20804 | Lair:3   | Found a hole to the Spider Nest.
 21342 | Lair:4   | Reached skill level 10 in Spellcasting
 21489 | Lair:4   | Reached XP level 14. HP: 86/109 MP: 22/28
 21873 | Lair:4   | Received a gift from Okawaru
 21882 | Lair:4   | Identified a +0 pair of boots of running (Okawaru gifted it
                  | to you on level 4 of the Lair of Beasts)
 21898 | Lair:4   | Found a staircase to the Swamp.
 23430 | Lair:5   | Reached skill level 10 in Fighting
 23430 | Lair:5   | Reached skill level 10 in Polearms
 23430 | Lair:5   | Reached skill level 10 in Dodging
 23438 | Lair:5   | Found a frozen archway.
 23455 | IceCv    | Entered an ice cave
 23509 | IceCv    | Learned a level 2 spell: Song of Slaying
 25521 | IceCv    | Noticed a reaper
 25535 | IceCv    | Killed a reaper
 26074 | Lair:5   | Noticed Snorg
 26098 | Lair:5   | Killed Snorg
 26445 | Lair:5   | Found a staircase to the Slime Pits.
 27302 | Lair:6   | Entered Level 6 of the Lair of Beasts
 27370 | Lair:5   | Reached skill level 10 in Invocations
 27409 | Lair:6   | Learned a level 3 spell: Conjure Flame
 27453 | Lair:6   | Found a gate leading to a gauntlet.
 27472 | Gauntlet | Entered a Gauntlet
 27472 | Gauntlet | Found a transporter.
 27472 | Gauntlet | Found a transporter.
 27479 | Gauntlet | Found a transporter.
 27487 | Gauntlet | Found a transporter.
 27525 | Gauntlet | Found a transporter.
 27542 | Gauntlet | Found a transporter.
 27555 | Gauntlet | Found a transporter.
 27633 | Gauntlet | Found a transporter.
 27648 | Gauntlet | Found a transporter.
 27662 | Gauntlet | Found a transporter.
 27676 | Gauntlet | Found a transporter.
 27758 | Gauntlet | Found a transporter.
 27822 | Gauntlet | Noticed an entropy weaver
 27844 | Gauntlet | Got a pair of faintly glowing boots
 27861 | Gauntlet | Identified the cursed +0 pair of boots of the Dolphin
                  | {rPois} (You found it in a Gauntlet)
 27984 | Gauntlet | Found a transporter.
 28204 | Gauntlet | Found a transporter.
 28211 | Gauntlet | Found a transporter.
 28341 | Gauntlet | Received a gift from Okawaru
 29674 | Lair:6   | Reached XP level 15. HP: 117/117 MP: 29/29
 30052 | Lair:6   | Learned a level 3 spell: Dazzling Flash
 30508 | Lair:6   | Reached skill level 10 in Armour
 30549 | Lair:6   | Received a gift from Okawaru
 30667 | Lair:6   | Learned a level 4 spell: Summon Lightning Spire
 31353 | Lair:6   | Received a gift from Okawaru
 32146 | D:13     | Received a gift from Okawaru
 32149 | D:13     | Got a fine lajatang {god gift}
 32155 | D:13     | Identified the +2 lajatang "Vinod" {venom, Dex+4} (Okawaru
                  | gifted it to you on level 13 of the Dungeon)
 32415 | D:13     | Found a roughly hewn altar of Beogh.
 32624 | D:13     | Identified a scroll of acquirement
 32696 | D:13     | Found a runed translucent gate.
 32697 | D:13     | Found a runed translucent gate.
 32697 | D:13     | Noticed Qaryups's ghost (journeyman DrSk)
 32698 | D:13     | Found a runed translucent gate.
 32797 | D:13     | Reached skill level 10 in Charms
 33111 | D:14     | Reached skill level 10 in Short Blades
 33111 | D:14     | Reached skill level 10 in Long Blades
 33111 | D:14     | Reached skill level 10 in Axes
 33111 | D:14     | Reached skill level 10 in Maces & Flails
 33111 | D:14     | Reached skill level 10 in Staves
 33111 | D:14     | Reached skill level 10 in Slings
 33111 | D:14     | Reached skill level 10 in Bows
 33111 | D:14     | Reached skill level 10 in Crossbows
 33111 | D:14     | Reached skill level 10 in Throwing
 33111 | D:14     | Reached skill level 10 in Stealth
 33111 | D:14     | Reached skill level 10 in Shields
 33111 | D:14     | Reached skill level 10 in Unarmed Combat
 33111 | D:14     | Reached skill level 10 in Evocations
 33116 | D:14     | Received a gift from Okawaru
 33119 | D:14     | Got a fine arbalest {god gift}
 33421 | D:14     | Found a gate to the Vaults.
 35128 | D:15     | Entered Level 15 of the Dungeon
 35335 | D:15     | Received a gift from Okawaru
 35692 | D:14     | Reached XP level 16. HP: 112/125 MP: 28/31
 35758 | D:14     | HP: 5/125 [two-headed ogre/+0 giant spiked club (7)]
 35758 | D:14     | HP: 1/125 [two-headed ogre/+0 giant spiked club (4)]
 36273 | D:15     | Received a gift from Okawaru
 36429 | D:15     | Found a staircase to the Depths.
 36480 | D:15     | Found a stormy altar of Qazlal.
 36869 | Orc:1    | Entered Level 1 of the Orcish Mines
 37017 | Orc:1    | Received a gift from Okawaru
 37136 | Orc:1    | Found Kiamnad's Assorted Antiques.
 37338 | Orc:1    | Found Roxzar's Assorted Antiques.
 37347 | Orc:1    | Bought a thick sapphire amulet for 140 gold pieces
 37347 | Orc:1    | Bought a scroll of blinking for 210 gold pieces
 37442 | Orc:2    | Entered Level 2 of the Orcish Mines
 37442 | Orc:2    | Found Nadwimegou's Antique Weapon Boutique.
 37929 | Orc:2    | Found a staircase to the Elven Halls.
 38004 | Orc:1    | Found Zoen's Jewellery Emporium.
 38218 | Orc:2    | Demolished by a stone giant

Levels and vault maps discovered:
D:1:      dpeg_arrival_chambers_temple_mockup, layout_basic
D:2:      layout_loops_ring, uniq_jessica
D:3:      layout_basic
D:4:      layout_rooms, serial_shops, shop
D:5:      minmay_angry_zag, layout_cave_pools, minmay_temple_entry_poolview,
          first_ration, minmay_misc_feat_x
D:6:      layout_basic, basic_altar, nicolae_ru_path_of_blood
D:7:      layout_basic, bloody_makhleb, nicolae_ossuary_entry_monument,
          basic_altar, kennysheep_donut, roderic_lattice_a
D:8:      layout_loops_ring, nicolae_overflow_hidden_temple,
          minmay_lair_entry_grove, uniq_harold, uniq_maggie
D:9:      layout_roguey [special_room_orc], yredelemnul_forgotten_temple_becter,
          chequers_guarded_unrand_ignorance
D:10:     layout_irregular_city, orc_0_dummy, hangedman_pestilent_swarm,
          fountainhead, elyvilon_altar_5, uniq_fannar
D:11:     layout_rooms
D:12:     layout_stronghold, kennysheep_small_circle, uniq_azrael,
          uniq_josephine, uniq_rupert
D:13:     layout_roguey [special_room_orc], gammafunk_ghost_hydra_chop
D:14:     cheibrodos_breeding_chamber, layout_basic, erik_vaults_2,
          minmay_misc_feat_alley
D:15:     gammafunk_enter_depths_forms, layout_irregular_city, basic_altar
Temple:   hc_temple_tempest_star
Lair:1:   layout_big_grid
Lair:2:   layout_misc_corridors
Lair:3:   lemuel_slime, layout_cave_pods, spider_nest_entry_funnel_web
Lair:4:   layout_layer_cave, swamp_mist_pool, grunt_forest_stairs_clearing
Lair:5:   layout_misc_corridors, minmay_slime_entry_pillars,
          portal_ice_cave_entry_pillars_2, hibernation_bobbens,
          serial_bayou_shore_a, uniq_snorg
Lair:6:   hangedman_lair_in_review, layout_long_grid, guppyfry_lair_end_dragon,
          gauntlet_entry_generic, infiniplex_staircase_pool_2
Orc:1:    layout_diamond_mine, serial_shops, shop, shop, shop
Orc:2:    st_orc_congregation, layout_caves, serial_shops, shop, mines_bat_river

Skill      XL: |  1  2  3  4  5  6  7  8  9 10 11 12 13 14 15 |
---------------+----------------------------------------------+-----
Spellcasting   | 5 6 7 8 9 10 11 | 11.5
Invocations    | 1 2 3 4 5 6 7 8 9 10 11 | 11.3
Short Blades   | 1 2 3 4 5 6 7 8 9 10 | 10.5
Long Blades    | 1 2 3 4 5 6 7 8 9 10 | 10.5
Axes           | 1 2 3 4 5 6 7 8 9 10 | 10.5
Maces & Flails | 1 2 3 4 5 6 7 8 9 10 | 10.5
Staves         | 1 2 3 4 5 6 7 8 9 10 | 10.5
Slings         | 1 2 3 4 5 6 7 8 9 10 | 10.5
Bows           | 1 2 3 4 5 6 7 8 9 10 | 10.5
Crossbows      | 1 2 3 4 5 6 7 8 9 10 | 10.5
Throwing       | 1 2 3 4 5 6 7 8 9 10 | 10.5
Stealth        | 1 2 3 4 5 6 7 8 9 10 | 10.5
Shields        | 1 2 3 4 5 6 7 8 9 10 | 10.5
Unarmed Combat | 1 2 3 4 5 6 7 8 9 10 | 10.5
Evocations     | 1 2 3 4 5 6 7 8 9 10 | 10.5
Conjurations   | 1 2 3 4 5 6 7 8 |  8.9
Hexes          | 1 2 3 4 5 6 7 8 |  8.9
Summonings     | 1 2 3 4 5 6 7 8 |  8.9
Necromancy     | 1 2 3 4 5 6 7 8 |  8.9
Translocations | 1 2 3 4 5 6 7 8 |  8.9
Transmutations | 1 2 3 4 5 6 7 8 |  8.9
Fire Magic     | 1 2 3 4 5 6 7 8 |  8.9
Ice Magic      | 1 2 3 4 5 6 7 8 |  8.9
Air Magic      | 1 2 3 4 5 6 7 8 |  8.9
Earth Magic    | 1 2 3 4 5 6 7 8 |  8.9
Poison Magic   | 1 2 3 4 5 6 7 8 |  8.9
Armour         | 3 4 5 6 7 8 9 10 | 10.8
Fighting       | 5 6 7 8 9 10 11 | 11.3
Polearms       | 5 6 7 8 9 10 11 | 11.3
Dodging        | 5 6 7 8 9 10 11 | 11.3
Charms         | 6 7 8 9 10 | 10.4

Action                   |  1- 3 |  4- 6 |  7- 9 | 10-12 | 13-15 | 16-18 || total
-------------------------+-------+-------+-------+-------+-------+-------++-------
Melee: Spear             |    79 |   116 |       |       |       |       ||   195
       Bite              |     5 |    24 |    34 |    95 |   302 |    34 ||   494
       Short sword       |       |    80 |   197 |       |       |       ||   277
       Punch             |       |     2 |     7 |    15 |       |       ||    24
       Whip              |       |       |   108 |    10 |   613 |       ||   731
       Trident           |       |       |     7 |       |       |       ||     7
       Dagger            |       |       |       |   626 |   982 |   184 ||  1792
Throw: Javelin           |       |     2 |     2 |     2 |    69 |       ||    75
       Boomerang         |       |       |    30 |    66 |   129 |    29 ||   254
       Dart              |       |       |     8 |    15 |       |       ||    23
       Throwing net      |       |       |       |     1 |     6 |       ||     7
 Cast: Infusion          |     4 |       |       |       |     2 |       ||     6
       Spectral Weapon   |     3 |    19 |    35 |    39 |   134 |    18 ||   248
       Summon Lightning  |       |       |       |       |     2 |     2 ||     4
Invok: Heroism           |       |       |       |     2 |     8 |     1 ||    11
       Finesse           |       |       |       |       |     6 |     1 ||     7
Evoke: Wand              |       |       |     3 |     2 |     6 |       ||    11
  Use: Scroll            |       |     2 |    12 |     3 |    25 |     1 ||    43
       Potion            |       |       |       |     3 |    14 |     5 ||    22
 Stab: Sleeping          |     1 |     4 |     4 |    14 |     1 |       ||    24
       Distracted        |       |       |     3 |    15 |    25 |     4 ||    47
       Paralysed         |       |       |       |     2 |       |       ||     2
       Confused          |       |       |       |       |     1 |       ||     1
  Eat: Chunk             |     2 |    10 |     9 |    19 |    39 |    13 ||    92
       Ration            |       |       |     3 |       |     7 |     1 ||    11
Armor: Leather armour    |    17 |    23 |       |       |       |       ||    40
       Ring mail         |       |    16 |    90 |    18 |       |       ||   124
       Chain mail        |       |       |       |   139 |   395 |    37 ||   571
       Steam dragon scal |       |       |       |     5 |       |       ||     5
Dodge: Dodged            |    55 |   102 |   181 |   296 |   580 |    76 ||  1290
Block: Buckler           |       |       |       |    69 |   343 |    40 ||   452
       Reflection        |       |       |       |       |    10 |       ||    10

Table legend:
 A = Non-vault XP
 B = Vault XP
 C = Vault XP percentage of total XP
 D = Non-vault monster count
 E = Vault monster count
 F = Vault count percentage of total count
                 A         B        C        D         E       F
            +---------+---------+-------+---------+---------+-------
      Total |   80309 |   61786 |  43.5 |     503 |     250 |  33.2
            +---------+---------+-------+---------+---------+-------
        D:1 |      28 |       0 |   0.0 |      17 |       0 |   0.0
        D:2 |      95 |      37 |  28.0 |      17 |       1 |   5.6
        D:3 |      71 |       0 |   0.0 |      18 |       0 |   0.0
        D:4 |     328 |       0 |   0.0 |      16 |       0 |   0.0
        D:5 |     648 |     130 |  16.7 |      22 |       2 |   8.3
        D:6 |     714 |       0 |   0.0 |      23 |       0 |   0.0
        D:7 |    1172 |    1172 |  50.0 |      23 |       2 |   8.0
        D:8 |    1867 |    1724 |  48.0 |      33 |      13 |  28.3
        D:9 |    4932 |     500 |   9.2 |      25 |      26 |  51.0
       D:10 |    3256 |    1676 |  34.0 |      25 |       5 |  16.7
       D:11 |    4960 |    1002 |  16.8 |      40 |       6 |  13.0
       D:12 |    4613 |    6123 |  57.0 |      29 |       8 |  21.6
       D:13 |    4600 |    1132 |  19.7 |      14 |      25 |  64.1
       D:14 |    8285 |   14047 |  62.9 |      21 |      17 |  44.7
       D:15 |    4306 |    3759 |  46.6 |      17 |       8 |  32.0
     Lair:1 |    3322 |       0 |   0.0 |      16 |       0 |   0.0
     Lair:2 |    3711 |       0 |   0.0 |      11 |       0 |   0.0
     Lair:3 |    6976 |    1972 |  22.0 |      30 |      27 |  47.4
     Lair:4 |    5065 |     772 |  13.2 |      15 |       5 |  25.0
     Lair:5 |    5946 |    1898 |  24.2 |      25 |       6 |  19.4
     Lair:6 |    8971 |   13335 |  59.8 |      35 |      34 |  49.3
      Orc:1 |    4574 |     554 |  10.8 |      21 |       1 |   4.5
      Orc:2 |    1333 |    1033 |  43.7 |       8 |      13 |  61.9
    Ossuary |       0 |     183 | 100.0 |       0 |      16 | 100.0
      IceCv |       0 |    5333 | 100.0 |       0 |      28 | 100.0
   Gauntlet |     536 |    5404 |  91.0 |       2 |       7 |  77.8
            +---------+---------+-------+---------+---------+-------
